Cogmind - Beta 12 @@@ ROGUE MODE // 2023.09.02 @ 14:48:36 Player: scoobysnack1 Result: Destroyed by as-52295 with Assembled Heavy Rifle Performance ------------- Evolutions (0) 0 Regions Visited (4) 800 Robots Destroyed (17) 85 Value Destroyed (386) 386 Prototype IDs (6) 120 Alien Tech Used (0) 0 Bonus (300) 300 TOTAL SCORE: 1691 Bonus ------- Aligned with FarCom 300 Cogmind --------- Core Integrity 0/250 Matter 245/300 Energy 89/100 System Corruption 10% Temperature Cool (0) Movement Treading (160) Location -9/Mines Parts ------- > --- POWER (1) -------- (None) > --- PROPULSION (2) --- Light Treads Light Treads > --- UTILITY (2) ------ Medium Storage Unit Supersonic Drone Bay (1/1) > --- WEAPON (2) ------- Heavy Flail > --- INVENTORY (10) --- Ion Engine Seismic Detector Melee Analysis Suite Recalibrator Medium Laser Assault Rifle Grenade Launcher Peak State ------------ > --- POWER ------------ Light Nuclear Core > --- PROPULSION ------- Light Treads Light Treads > --- UTILITY ---------- Medium Storage Unit Supersonic Drone Bay > --- WEAPON ----------- Shock Bomb Launcher Heavy Flail > --- INVENTORY -------- Ion Engine Seismic Detector Melee Analysis Suite Recalibrator Medium Laser Assault Rifle Grenade Launcher [Rating: 21] Favorites ----------- Power Ion Engine Engine Ion Engine Power Core Light Nuclear Core Propulsion Wheel Treads Light Treads Wheel Wheel Utility Medium Storage Unit Device Seismic Detector Storage Medium Storage Unit Weapon EM Pulse Gun Energy Gun EM Pulse Gun Ballistic Gun Light Assault Rifle Launcher Shock Bomb Launcher Impact Weapon Heavy Flail Build | -11 -10 -10 -10 -9 ------- Run | Jun Mat Min Exi Min Slots Evolved . | . . . . . Power . | . . . . . Propulsion . | . . . . . Utility . | . . . . . Weapon . | . . . . . Parts Attached 35 | 9 16 4 2 4 Power 6 | 2 3 1 . . Engine 5 | 2 3 . . . Core 1 | . . 1 . . Reactor . | . . . . . Propulsion 12 | 4 6 . . 2 Treads 6 | 2 2 . . 2 Leg . | . . . . . Wheel 6 | 2 4 . . . Hover . | . . . . . Flight . | . . . . . Utility 9 | 1 5 1 2 . Device 7 | . 4 1 2 . Storage 2 | 1 1 . . . Processor . | . . . . . Hackware . | . . . . . Protection . | . . . . . Artifact . | . . . . . Weapon 8 | 2 2 2 . 2 Energy Gun 3 | 1 1 1 . . Energy Cannon . | . . . . . Ballistic Gun 2 | 1 1 . . . Ballistic Cannon . | . . . . . Launcher 1 | . . . . 1 Special Weapon . | . . . . . Impact Weapon 2 | . . 1 . 1 Slashing Weapon . | . . . . . Piercing Weapon . | . . . . . Special Melee Weapon . | . . . . . Unidentified Prototypes 1 | . . . 1 . Parts Lost 9 | . 3 1 . 5 Power 2 | . 1 . . 1 Propulsion 3 | . 1 . . 2 Utility 1 | . . 1 . . Weapon 3 | . 1 . . 2 Highest Loss Streak 5 | . 2 1 . 5 To Critical Strikes . | . . . . . Average Slot Usage (%) 94 | . 90 94 100 78 Engine 7 | . 14 11 . . Core 6 | . . 2 14 14 Treads 3 | . 11 . . . Wheel 23 | . 15 28 28 14 Device 10 | . 7 8 14 14 Storage 14 | . 14 14 14 14 Energy Gun 15 | . 13 22 14 7 Ballistic Gun 5 | . 13 2 . . Impact Weapon 6 | . . 3 14 . Naked Turns . | . . . . . Heaviest Build 24 | 13 19 21 21 24 Greatest Support 40 | 20 40 26 26 26 Greatest Overweight (x) 2 | 1 1 . . 2 Average Overweight (x) . | . . . . . Largest Inventory Capacity 10 | 8 10 10 10 10 Average Capacity 9 | 7 8 10 10 10 Most Carried 10 | 4 10 10 10 10 Average Carried 8 | 2 7 9 10 9 Final Capacity 10 | 8 10 10 10 10 Final Carried 10 | 4 10 10 10 7 Class Distribution -------------------- 81% | Mutant 18% | Scavenger-Mutant Dominant Class ---------------- Mutant | -10/Materials Mutant | -10/Mines Mutant | -10/Exiles Mutant | -9/Mines Resources | -11 -10 -10 -10 -9 ----------- Run | Jun Mat Min Exi Min Matter Collected 514 | 223 216 55 20 . Remotely . | . . . . . Salvage Created 601 | . 463 41 . 97 Parts 37 | . 30 7 . . Haulers Intercepted 1 | . 1 . . . Recyclers Shooed . | . . . . . Parts Field Recycled . | . . . . . Retrieved Matter . | . . . . . Parts Self-Destructed . | . . . . . Prevented . | . . . . . Kills | -11 -10 -10 -10 -9 ------- Run | Jun Mat Min Exi Min Combat Hostiles Destroyed 19 | . 11 3 . 5 Melee 1 | . . . . 1 Guns 14 | . 11 3 . . AOE 4 | . . . . 4 Classes Destroyed 6 | . 5 . . 1 Hauler 1 | . 1 . . . Mechanic 1 | . 1 . . . Watcher 1 | . 1 . . . Swarmer 6 | . 3 3 . . Grunt 8 | . 8 . . . Assembled 5 | . . . . 5 Best Kill Streak 7 | . 7 3 . 5 Combat Bots Only 7 | . 7 3 . 5 Max Kills in Single Turn 2 | . 2 1 . 2 Gunslinging 1 | . 1 . . . Exploded 2 | . . . . 2 Melee 1 | . . . . 1 Uniques/NPCs Destroyed . | . . . . . Combat | -11 -10 -10 -10 -9 -------- Run | Jun Mat Min Exi Min Damage Taken 1479 | . 847 63 . 569 Core 250 | . 191 7 . 52 Absorbed by Shields . | . . . . . Regen/Repaired (Parts) 171 | . 171 . . . Core Remaining (%) 100 | 100 . . . . Volleys Fired 68 | . 58 6 . 4 Largest 2 | . 2 2 . 2 Hottest 90 | . 70 90 . 76 Shots Fired 109 | . 92 12 . 5 Gun 105 | . 92 12 . 1 Cannon . | . . . . . Launcher 4 | . . . . 4 Special . | . . . . . Kinetic 44 | . 44 . . . Thermal 54 | . 48 6 . . Explosive . | . . . . . Electromagnetic 11 | . . 6 . 5 Robot Hit Streak 15 | . 15 8 . 1 Robot Miss Streak 3 | . 3 2 . 1 Penetration Max . | . . . . . Secondary Targets 2 | . 2 . . . Max Gunslinging Chain 1 | . 1 . . . Shots Hit Robots 77 | . 69 6 . 2 Core Hits 42 | . 28 3 . 11 Critical Kills . | . . . . . Critical Parts Destroyed . | . . . . . Critical Strikes 8 | . 7 1 . . Burn 8 | . 7 1 . . Melee Attacks 2 | . . . . 2 Impact 2 | . . . . 2 Slashing . | . . . . . Piercing . | . . . . . Sneak Attacks . | . . . . . Combat Hostiles . | . . . . . Follow-up Attacks . | . . . . . Damage Inflicted 1249 | . 727 73 . 449 Guns 800 | . 727 73 . . Cannons . | . . . . . Explosions 369 | . . . . 369 Melee 80 | . . . . 80 Ramming . | . . . . . Kinetic 275 | . 275 . . . Thermal 501 | . 452 49 . . Explosive . | . . . . . Electromagnetic 393 | . . 24 . 369 Impact 80 | . . . . 80 Slashing . | . . . . . Piercing . | . . . . . Highest Corruption 5 | . . . . 5 Average Corruption 4 | . . . . 4 Corruption Purged . | . . . . . Corruption Blocked . | . . . . . Overload Shots . | . . . . . Overflow Damage 55 | . . . . 55 Projectiles . | . . . . . Explosions . | . . . . . Melee 55 | . . . . 55 Knockbacks . | . . . . . Impact . | . . . . . Kinetic . | . . . . . Secondary . | . . . . . Self-Inflicted Damage 39 | . . . . 39 Shots 3 | . . . . 3 Rammed . | . . . . . Targets Rammed . | . . . . . Kicked . | . . . . . Crushed . | . . . . . Highest Temperature 268 | . 268 180 . 41 Average Temperature 106 | . 115 93 . 19 Received Heat Transfer 459 | . 399 . . 60 Siege Activations . | . . . . . Robots Corrupted . | . . . . . Combat Hostiles . | . . . . . Parts Fried . | . . . . . Impact Corruptions 1 | . . . . 1 Robots Melted . | . . . . . Combat Hostiles . | . . . . . Parts Melted 4 | . 4 . . . Heat Transferred 2072 | . 1850 222 . . Parts Sabotaged . | . . . . . Parts Stolen . | . . . . . Parts Stripped . | . . . . . Power Chain Reactions . | . . . . . Missiles Intercepted . | . . . . . Alert | -11 -10 -10 -10 -9 ------- Run | Jun Mat Min Exi Min Peak Influence 285 | . 285 103 . 15 Initial 37 | . . 37 . . Average 84 | . 105 67 . 2 Maximum Alert Level 1 | . 1 . . . Low Security (%) 88 | 100 78 100 . 100 Level 1 11 | . 21 . . . Level 2 . | . . . . . Level 3 . | . . . . . Level 4 . | . . . . . Level 5 . | . . . . . High Security . | . . . . . Max Security . | . . . . . Squads Dispatched 5 | . 4 1 . . Investigation 3 | . 2 1 . . Extermination . | . . . . . Reinforcement 2 | . 2 . . . Assault . | . . . . . Garrison . | . . . . . Intercept . | . . . . . Searches Triggered . | . . . . . Construction Impeded . | . . . . . Haulers Reinforced . | . . . . . Active Scanning Responses . | . . . . . Cargo Convoy Interrupts . | . . . . . Stealth | -11 -10 -10 -10 -9 --------- Run | Jun Mat Min Exi Min Distress Signals 2 | . 2 . . . Communications Jammed . | . . . . . Distress Signals . | . . . . . Times Spotted 41 | . 18 3 . 20 Peak Tracking Total 20 | . 6 3 . 20 Tactical Retreats . | . . . . . Traps | -11 -10 -10 -10 -9 ------- Run | Jun Mat Min Exi Min Traps Triggered 1 | . 1 . . . Indirectly . | . . . . . Trap Hack Attempts . | . . . . . Triggered . | . . . . . Disarmed . | . . . . . Reprogrammed . | . . . . . Reused . | . . . . . Traps Extracted . | . . . . . Installed . | . . . . . Triggered . | . . . . . Machines | -11 -10 -10 -10 -9 ---------- Run | Jun Mat Min Exi Min Machines Disabled 1 | . . . . 1 Max in Single Turn 1 | . . . . 1 Machines Repaired . | . . . . . Machines Sabotaged . | . . . . . Overloaded Fab Kills . | . . . . . Hacking | -11 -10 -10 -10 -9 --------- Run | Jun Mat Min Exi Min Machines Accessed 11 | . 5 2 4 . Terminals 5 | . 4 1 . . Fabricators . | . . . . . Repair Stations 1 | . 1 . . . Recycling Units . | . . . . . Scanalyzers . | . . . . . Garrison Access . | . . . . . Total Hacks 70 | . 18 3 49 . Successful 60 | . 9 2 49 . Failed 10 | . 9 1 . . Catastrophic 2 | . 2 . . . Database Lockouts . | . . . . . Manual 14 | . 11 2 1 . Terminals 16 | . 14 2 . . Fabricators . | . . . . . Repair Stations 4 | . 4 . . . Recycling Units . | . . . . . Scanalyzers . | . . . . . Garrison Access . | . . . . . Terminal Hacks 54 | . 3 2 49 . Record 49 | . . . 49 . Prototype ID Bank 3 | . 2 1 . . Open Door 1 | . . 1 . . Surveillance Status 1 | . 1 . . . Fabricator Hacks . | . . . . . Repair Station Hacks 4 | . 4 . . . Scan Component 2 | . 2 . . . Repair 2 | . 2 . . . Recycling Unit Hacks . | . . . . . Scanalyzer . | . . . . . Garrison Access Hacks . | . . . . . Unauthorized Hacks 2 | . 2 . . . Terminals 2 | . 2 . . . Botnet 2 | . 2 . . . Fabricators . | . . . . . Repair Stations . | . . . . . Recycling Units . | . . . . . Scanalyzers . | . . . . . Garrison Access . | . . . . . Data Cores Recovered . | . . . . . Used . | . . . . . Hacking Detections 6 | . 5 1 . . Full Trace Events . | . . . . . Feedback Events . | . . . . . Feedback Blocked . | . . . . . Robot Schematics Acquired . | . . . . . Robots Built . | . . . . . Authchips . | . . . . . Time . | . . . . . Total Robot Build Rating . | . . . . . Part Schematics Acquired . | . . . . . Parts Built . | . . . . . Authchips . | . . . . . Time . | . . . . . Total Part Build Rating . | . . . . . Parts Repaired 2 | . 2 . . . Time 52 | . 52 . . . Parts Recycled . | . . . . . Recycled Matter . | . . . . . Retrieved Matter . | . . . . . Retrieved Components . | . . . . . Parts Scanalyzed . | . . . . . Part Schematics Acquired . | . . . . . Parts Damaged . | . . . . . Bothacking | -11 -10 -10 -10 -9 ------------ Run | Jun Mat Min Exi Min Used RIF Installer . | . . . . . Robots Hacked . | . . . . . Non-combat . | . . . . . Combat . | . . . . . Robot Hacks Applied . | . . . . . Relay Couplers Released . | . . . . . Fabnet Peak Effective % . | . . . . . Robots Rewired . | . . . . . Allies Hacked . | . . . . . Hacks Repelled . | . . . . . Allies | -11 -10 -10 -10 -9 -------- Run | Jun Mat Min Exi Min Total Allies . | . . . . . Largest Group . | . . . . . Highest-Rated Group . | . . . . . Highest-Rated Ally . | . . . . . Total Orders 3 | . . . 3 . EXPLORE 2 | . . . 2 . RETURN 1 | . . . 1 . Ally Attacks . | . . . . . Total Damage . | . . . . . Kills . | . . . . . Allies Corrupted . | . . . . . Allies Melted . | . . . . . Intel | -11 -10 -10 -10 -9 ------- Run | Jun Mat Min Exi Min Robot Analysis Total . | . . . . . Derelict Logs Recovered 1 | . . 1 . . Drone Launches 1 | . . . 1 . Drone Recoveries 1 | . . . 1 . Exploration | -11 -10 -10 -10 -9 ------------- Run | Jun Mat Min Exi Min Turns Passed 2044 | 47 674 523 778 22 Spaces Moved 1747 | 34 383 495 829 6 Core 3 | 3 . . . . Treads 69 | 1 68 . . . Legs . | . . . . . Wheels 1675 | 30 315 495 829 6 Hover . | . . . . . Flight . | . . . . . Fastest Speed 50 | 50 80 90 90 90 Average Speed 93 | 92 104 90 90 93 Slowest Speed 160 | 160 160 90 90 110 Overloaded Moves . | . . . . . Propulsion Burnouts . | . . . . . Robots Hopped . | . . . . . Cave-ins Triggered . | . . . . . Exploration Rate (%) 49 | 3 58 86 94 6 Regions Visited 4 Branch Regions 3 Pre-discovered Areas 1 | . . . 1 . Known Exits Taken . | . . . . . Unknown Exits Taken 4 | 1 1 1 1 . Scrap Searched 1 | . . 1 . . Spaces Dug . | . . . . . Terrain Destroyed . | . . . . . Melee . | . . . . . Projectile . | . . . . . AOE . | . . . . . Terrain Rammed . | . . . . . Walls Destroyed . | . . . . . Machines Disabled . | . . . . . Actions | -11 -10 -10 -10 -9 --------- Run | Jun Mat Min Exi Min Total 2055 | 46 571 561 861 16 Wait 169 | . 95 47 27 . Move 1743 | 33 382 494 828 6 Hop . | . . . . . Pick Up 17 | 2 10 4 1 . Fast Attach 15 | 7 4 2 2 . Attach 8 | 1 4 . . 3 Detach 6 | 2 4 . . . Swap 12 | 1 8 2 . 1 Drop 15 | . 6 6 3 . Fire 68 | . 58 6 . 4 Melee 2 | . . . . 2 Ram . | . . . . . Kick . | . . . . . Crush . | . . . . . Escape Stasis . | . . . . . Rewire . | . . . . . Trap . | . . . . . Miscellaneous . | . . . . . Route ------- -11/Junkyard -10/Materials (discovered 3 exits: [*Mat x2] / *Min) -10/Mines (discovered 3 exits: [*Mat x2] / *Exi) -10/Exiles (discovered 2 exits: [*Min x2]) -9/Mines History --------- Turn | Location | Event 16 | -11/Junkyard | Discovered new exit (range 15) 48 | -11/Junkyard | Entered Materials 252 | -10/Materials | Discovered new exit (range 11) 334 | -10/Materials | Destroyed 7 combat bots 345 | -10/Materials | Build established: Mutant 388 | -10/Materials | Core integrity fell below 50% 509 | -10/Materials | Repaired Lgt. Treads 536 | -10/Materials | Repaired Med. Laser 582 | -10/Materials | Discovered new exit (range 16) 694 | -10/Materials | Discovered new exit (range 12) 722 | -10/Materials | Entered Mines 728 | -10/Mines | Build established: Scavenger-Mutant 852 | -10/Mines | Found a hidden stash of uninstalled traps 906 | -10/Mines | Deemed a non-threat by the Exiles lab entrance 906 | -10/Mines | Discovered new exit (range 5) 922 | -10/Mines | Discovered new exit (range 11) 1001 | -10/Mines | Discovered new exit (range 14) 1007 | -10/Mines | YI-UF0 nonchalantly dropped a Grenade Launcher on the ground 1094 | -10/Mines | Build established: Mutant 1102 | -10/Mines | Met a Derelict shopkeep closing up shop 1245 | -10/Mines | Entered Exiles 1258 | -10/Exiles | Discovered new exit (range 15) 1268 | -10/Exiles | Met 8R-AWN 1284 | -10/Exiles | Met EX-HEX 1351 | -10/Exiles | Met EX-DEC 1422 | -10/Exiles | Discovered new exit (range 14) 1466 | -10/Exiles | Learned location of Zion (-6) 1496 | -10/Exiles | Met EX-BIN 1506 | -10/Exiles | Aligned with FarCom system 1507 | -10/Exiles | Given EX-Vault access code 1538 | -10/Exiles | Opened EX-Vault 1544 | -10/Exiles | Found Prototype Device 1544 | -10/Exiles | Identified Supersonic Drone Bay 1586 | -10/Exiles | Warned to stay clear of 0b10 Research branches 1642 | -10/Exiles | Visited The Gauntlet 2023 | -10/Exiles | Left Exiles lab with Supersonic Drone Bay 2023 | -10/Exiles | Entered Mines 2024 | -9/Mines | Assembled infested the area 2039 | -9/Mines | Core integrity fell below 20% 2045 | -9/Mines | Destroyed by as-52295 with Assembled Heavy Rifle Last Messages --------------- 02032_ as-50400 IFF system glitched. 02034_ K-01 Serf cleans the Seismic Survey Station. 02035_ as-96921 destroyed. 02035_ Seismic Survey Station disabled. 02035_ as-50400 destroyed. 02036_ as-52717 destroyed. 02037_ K-01 Serf collects debris. 02038_ Com. Wheel destroyed. 02038_ System corrupted by crushing effect (+1). 02039_ Wheel destroyed. 02039_ EM Pulse Gun destroyed. 02039_ System corrupted by crushing effect (+1). 02039_ System corrupted by crushing effect (+3). 02043_ K-01 Serf collects debris. 02044_ Shock Bomb Launcher destroyed. 02045_ Destroyed Asb. Hover Unit. 02045_ as-13007 system corrupted by crushing effect. 02045_ as-13007 destroyed. 02045_ Lgt. Nuclear Core destroyed. 02045_ System corrupted by crushing effect (+5). Map ----- +----------------------------------------------------+ | ?????????????????????????????? | | ?????????????????????????????? | | ?????????????????????????????? | | ?????????????????????????????? | | ?????????????????????????????? | | ?????????????????????????????? | | ???????????????????#?????????? | | ????????????????? ##???????? | | ????????????????? #??????? | | ????????????????? ??????? | | ????????????????? ??????? | | ?????????????????? ??????? | | ?????????????????? ??????? | | ?????????????????? ??????? | | ??????????????????? #??????? | | ??????????????????? #??????? | | ???????????????????# %#??????? | | ???????????????????# #??????? | | ???????????????????# #??????? | | ???????????????????# %#??????? | | ??????????????????## $#####??? | | ??????????????????#a %*aa #??? | | ??????????????????# =%a #??? | | ??????????????????# a a% #??? | | ??????????????????# aa aa#??? | | ??????????????????# aa@#??? | | ??????????????????# a%#??? | | ??????????????????# k""a #??? | | ??????????????????# """ #??? | | ??????????????????# #??? | | ??????????????????#########??? | | ?????????????????????????????? | | ?????????????????????????????? | | ?????????????????????????????? | | ?????????????????????????????? | | ?????????????????????????????? | | ?????????????????????????????? | | ?????????????????????????????? | | ?????????????????????????????? | | ?????????????????????????????? | | ?????????????????????????????? | | ?????????????????????????????? | | ?????????????????????????????? | | ?????????????????????????????? | | ?????????????????????????????? | | ?????????????????????????????? | | ?????????????????????????????? | | ?????????????????????????????? | | ?????????????????????????????? | | ?????????????????????????????? | +----------------------------------------------------+ Best States ------------- Heat Dissipation 35 Energy Generation 14 Energy Capacity 250 Matter Stores 300 Matter Capacity 300 Sight Range 16 Robot Scan Range 14 Terrain Scan Density 10 Evasion (%) 44 Recoil Reduction 2 Item Schematics ----------------- None Robot Schematics ------------------ None Fabricated ------------ Nothing Alien Tech Used ----------------- None Achievements -------------- Hunted Challenges ------------ None Game ------ Seed RelayHackingRail Manual? 0 Play Time 00:56:27 Cumulative 40.7 hours Start 2023.09.02 @ 13:43:39 End 2023.09.02 @ 14:48:36 Sessions 1 Manual Loads 0 Difficulty Rogue Special Mode None Game No. 30 Rogue 30 Adventurer 0 Explorer 0 Win Type - Total 0 Types 0/0/0/0/0/0/0/0/0 Lore% 22 Gallery% 29 Achievement% 23 Wizard Run 0 Options --------- ASCII 0 Keyboard 0 Movement Mouse Keybinds 0 Fullscreen 1 Font 18/SmallcapsGlow Map View 76x50 Tactical HUD 1 Map Filters NONE Filters NONE Steam 1 RUN: 4d408561-2329-4636-8f2c-f657223309aa